 Dungeon Sprint DCSS version 0.27.1-35-g4d5d836560 (webtiles) character file.

Game seed: 5787974703859024202

292 Conn the Arsonist (level 9, -8/52 HPs)
             Began as an Octopode Fire Elementalist on Mar 25, 2022.
             Was a High Priest of Sif Muna.
             Mangled by a black mamba (22 damage)
             ... in the Dungeon (Sprint VI: "Thunderdome").
             The game lasted 00:10:24 (507 turns).

Conn the Arsonist (Octopode Fire Elementalist)       Turns: 507, Time: 00:10:24

Health: -8/52      AC:  1    Str:  2    XL:     9   Next: 30%
Magic:  2/22       EV: 16    Int: 37    God:    Sif Muna [*****.]
Gold:   43         SH:  5    Dex: 19    Spells: 6/27 levels left

rFire    + + .     SeeInvis .   o - +0 short sword
rCold    + . .     Faith    .   (no shield)
rNeg     + + +     Spirit   .   (helmet restricted)
rPois    +         Reflect  +   m - amulet of Modiwi {Reflect Harm rPois rF- Int+4 SH+5}
rElec    .         Harm     +   k - ring "Rifajed" {rC+ rN+ Int+4}
rCorr    .         Rampage  .   l - ring of Wariness {rPois rF++ Str-5 Int+6}
Will     +....     NoTele   +   n - ring "Keopaja" {Will+ Dex+6}
Stlth    +++++.....             p - ring of Leaves {rPois rF+ rN+}
HPRegen  0.17/turn              q - ring "Baobb" {rN+ Int+3 Slay+4}
MPRegen  0.18/turn              (no ring)
                                (no ring)
                                (no ring)

@: no status effects
A: almost no armour, amphibious, 8 rings, camouflage 1, gelatinous body 1,
(nimble swimmer 1), tentacles
a: Renounce Religion, Channel Magic, Forget Spell, Divine Exegesis


You were in the Dungeon.
You worshipped Sif Muna.
Sif Muna was extremely pleased with you.
You visited 1 branch You collected 600 gold pieces.
You spent 557 gold pieces at shops.

Inventory:

Hand Weapons
 o - a +0 short sword (weapon)
Jewellery
 k - the ring "Rifajed" (left tentacle) {rC+ rN+ Int+4}
   (You bought it in a shop in the Dungeon)

   [ring of protection from cold]

   Int:       It affects your intelligence (+4).
   rC:        It protects you from cold.
   rN:        It protects you from negative energy.
 l - the ring of Wariness (right tentacle) {rPois rF++ Str-5 Int+6}
   (You bought it in a shop in the Dungeon)

   [ring of poison resistance]

   Str:       It affects your strength (-5).
   Int:       It affects your intelligence (+6).
   rF:        It greatly protects you from fire.
   rPois:     It protects you from poison.
 m - the amulet of Modiwi (around mantle) {Reflect Harm rPois rF- Int+4 SH+5}
   (You bought it in a shop in the Dungeon)

   [amulet of reflection]

   It reflects blocked missile attacks.
   Int:       It affects your intelligence (+4).
   rF:        It makes you vulnerable to fire.
   rPois:     It protects you from poison.
   SH:        It affects your SH (+5).
   Harm:      It increases damage dealt and taken.
 n - the ring "Keopaja" (on tentacle) {Will+ Dex+6}
   (You bought it in a shop in the Dungeon)

   [ring of dexterity]

   Dex:       It affects your dexterity (+6).
   Will:      It increases your willpower.
 p - the ring of Leaves (on tentacle) {rPois rF+ rN+}
   (You bought it in a shop in the Dungeon)

   [ring of poison resistance]

   rF:        It protects you from fire.
   rPois:     It protects you from poison.
   rN:        It protects you from negative energy.
 q - the ring "Baobb" (on tentacle) {rN+ Int+3 Slay+4}
   (You bought it in a shop in the Dungeon)

   [ring of slaying]

   Int:       It affects your intelligence (+3).
   Slay:      It affects your accuracy & damage with ranged weapons and melee
   (+4).
   rN:        It protects you from negative energy.
Wands
 g - a wand of acid (2)
 h - a wand of iceblast (5)
Scrolls
 f - 4 scrolls of blinking
 i - 3 scrolls of fog
Potions
 a - a potion of curing
 b - 6 potions of heal wounds
 c - 4 potions of haste
 d - 2 potions of magic
 e - a potion of berserk rage
 j - a potion of resistance


   Skills:
 + Level 0.4 Fighting
 + Level 4.8 Short Blades
 + Level 6.0 Dodging
 + Level 8.0 Stealth
 + Level 1.3 Shields
 + Level 9.7 Spellcasting
 + Level 7.0 Conjurations
 + Level 1.0 Hexes
 + Level 0.8 Translocations
 + Level 13.0 Fire Magic
 + Level 1.2 Poison Magic
 * Level 2.3 Invocations
 + Level 1.7 Evocations


You had 6 spell levels left.
You knew the following spells:

 Your Spells              Type           Power      Damage    Failure   Level
a - Foxfire               Conj/Fire      100%       2x1d9     1%          1
b - Conjure Flame         Conj/Fire      75%        6-21      1%          3
c - Inner Flame           Hex/Fire       63%        N/A       1%          3
d - Sticky Flame          Conj/Fire      75%        2d9       1%          4
e - Fireball              Conj/Fire      37%        3d15      1%          5
f - Mephitic Cloud        Conj/Pois/Air  38%        N/A       2%          3
g - Blink                 Tloc           N/A        N/A       2%          2

Your spell library contained the following spells:

 Spells                   Type           Power      Damage    Failure   Level
 Static Discharge         Conj/Air       44%        N/A       1%          2
 Corpse Rot               Necr/Air       N/A        N/A       3%          2
 Lesser Beckoning         Tloc           12%        N/A       4%          3
 Manifold Assault         Tloc           24%        N/A       41%         5
 Silence                  Hex/Air        10%        N/A       45%         5
 Conjure Ball Lightning   Conj/Air       22%        3x3d6     63%         6


Dungeon Overview and Level Annotations

Branches:
Dungeon (1/1)

Altars:
Cheibriados
Dithmenos
Fedhas
Gozag
Kikubaaqudgha
Makhleb
Okawaru
Qazlal
Ru
Sif Muna
Trog
Uskayaw
Vehumet
Wu Jian
Xom
Yredelemnul
Zin
The Shining One
Beogh
Jiyva
Lugonu

Shops:
D *[??*?*:[((!!!!


Innate Abilities, Weirdness & Mutations

You cannot wear most types of armour.
You are amphibious.
You can wear up to eight rings at the same time.
Your skin changes colour to match your surroundings (Stealth+).
Your rubbery body absorbs attacks. (AC +1, EV +1)
((You are camouflaged near water. (Stealth+)))
You have tentacles for arms and can constrict up to eight enemies at once.


Message History

You conjure some foxfire!
The foxfire hits the black mamba.
The black mamba is heavily wounded.
The foxfire hits the black mamba but does no damage.
The black mamba is heavily wounded.
You block the black mamba's attack.
You hit the black mamba. Your grab misses the black mamba.
The black mamba is heavily wounded.
The foxfire hits the black mamba.
The black mamba is heavily wounded.
The foxfire hits the black mamba.
The black mamba is severely wounded.
The black mamba misses you.
Casting: Foxfire (safe; 1% risk of failure)
Confirm with . or Enter, or press ? or * to list all spells.
You conjure some foxfire!
The black mamba barely misses you. The black mamba bites you!
Unknown command.
You hit the black mamba. Your grab misses the black mamba.
Your squeeze misses the black mamba.
The black mamba is severely wounded.
The foxfire hits the black mamba but does no damage.
The black mamba is severely wounded.
The foxfire hits the black mamba but does no damage.
The black mamba is severely wounded.
The black mamba closely misses you. The black mamba barely misses you.
Casting: Foxfire (safe; 1% risk of failure)
Confirm with . or Enter, or press ? or * to list all spells.
You conjure some foxfire!
The black mamba completely misses you. The black mamba bites you!
* * * LOW HITPOINT WARNING * * *
Unknown command.
The foxfire hits the black mamba but does no damage.
The black mamba is severely wounded.
The foxfire hits the black mamba.
The black mamba is almost dead.
You hit the black mamba. You grab the black mamba.
The black mamba is almost dead.
You constrict the black mamba, but do no damage.
The black mamba barely misses you. The black mamba bites you!!
You die...

∩........8.# #.8.§......∩###
...........###.............##
........###...###°°........⌠#
........# #.<.# #..........⌠#
........###†v.###..........⌠#
...........###.............##
∩......†.8÷# #.8........∩###
#∩___...[..###.S....___∩##
######.8......§.@8.######
#⌠...........⌠#
###.........### #........_#
#_......._# #_........#
#∩.......∩# ##∩.....∩##
##.....##


You could see a black mamba.

Vanquished Creatures
  An anaconda (D)
  A guardian serpent (D)
  Sigmund (D)
  A hell hound (D)
  2 necrophages (D)
  5 wolves (D)
  A centaur (D)
  A phantom (D)
  2 wights (D)
  2 jellies (D)
  A hound (D)
  An adder skeleton (D)
  3 endoplasms (D)
  A kobold (D)
  A quokka (D)
  A quokka skeleton (D)
25 creatures vanquished.

Vanquished Creatures (others)
  87 foxfires (D)
87 creatures vanquished.

Grand Total: 112 creatures vanquished

Notes
Turn   | Place    | Note
-------+----------+-------------------------------------------
     0 | D        | Conn the Octopode Fire Elementalist began the quest for the
                  | Orb.
     0 | D        | Reached XP level 1. HP: 11/11 MP: 3/3
     1 | D        | Found a blossoming altar of Fedhas.
     2 | D        | Found a glowing golden altar of the Shining One.
     2 | D        | Found a stormy altar of Qazlal.
     3 | D        | Found a snail-covered altar of Cheibriados.
     3 | D        | Found a glowing silver altar of Zin.
     4 | D        | Found Qileonneots's Identification Station.
     4 | D        | Found a shadowy altar of Dithmenos.
     4 | D        | Found a bloodstained altar of Trog.
     5 | D        | Found Isogh's Advanced Armour.
     5 | D        | Found Dyt Piaca's Jewellery.
     5 | D        | Round 1.
    10 | D        | Found a shimmering altar of Xom.
    13 | D        | Bought a bound amber ring for 45 gold pieces
    13 | D        | Identified the ring "Rifajed" {rC+ rN+ Int+4} (You bought
                  | it in a shop in the Dungeon)
    13 | D        | Bought a clouded lapis lazuli ring for 45 gold pieces
    13 | D        | Identified the ring of Wariness {rPois rF++ Str-5 Int+6}
                  | (You bought it in a shop in the Dungeon)
    13 | D        | Bought a pitted diamond amulet for 45 gold pieces
    13 | D        | Identified the amulet of Modiwi {Reflect Harm rPois rF-
                  | Int+4 SH+5} (You bought it in a shop in the Dungeon)
    13 | D        | Bought a coiled lead ring for 45 gold pieces
    13 | D        | Identified the ring "Keopaja" {Will+ Dex+6} (You bought it
                  | in a shop in the Dungeon)
    24 | D        | Noticed a centaur
    25 | D        | Found a shimmering blue altar of Sif Muna.
    30 | D        | Killed a centaur
    31 | D        | Reached skill level 6 in Fire Magic
    31 | D        | Reached XP level 2. HP: 17/17 MP: 0/6
    31 | D        | Reached XP level 3. HP: 21/21 MP: 0/8
    31 | D        | Reached XP level 4. HP: 27/27 MP: 0/9
    34 | D        | Found a viscous altar of Jiyva.
    34 | D        | Found Mankia's Magic Scroll Shop.
    34 | D        | Found Denat's Magic Scroll Shop.
    35 | D        | Found Vuoheufo's Must-Have Magic.
    36 | D        | Found a burning altar of Makhleb.
    36 | D        | Found a corrupted altar of Lugonu.
    36 | D        | Found a radiant altar of Vehumet.
    36 | D        | Found Makhem's Staff Store.
    39 | D        | Became a worshipper of Sif Muna the Loreminder
    47 | D        | Found a basalt altar of Yredelemnul.
    49 | D        | Found Kaong's Distillery.
    50 | D        | Found Weicoix's Distillery.
    50 | D        | Found Jelit's Bottled Wisdom.
    50 | D        | Found an opulent altar of Gozag.
    50 | D        | Found an ornate altar of the Wu Jian Council.
    50 | D        | Found a hide-covered altar of Uskayaw.
    50 | D        | Found Monits's Do-It-Yourself Clinic.
    54 | D        | Found an iron altar of Okawaru.
    57 | D        | Noticed a necrophage
    58 | D        | Found a sacrificial altar of Ru.
    60 | D        | Found Watoesircho's Weapon Rack.
    61 | D        | Found Jutosaph's Basic Armour.
    61 | D        | Found Wixoar's Miscellaneous Merchandise.
    62 | D        | Found an ancient bone altar of Kikubaaqudgha.
    62 | D        | Found Derel's Premium Goods.
    66 | D        | Killed a necrophage
    67 | D        | Reached skill level 8 in Fire Magic
    67 | D        | Reached XP level 5. HP: 31/31 MP: 0/12
    91 | D        | Noticed Sigmund
   119 | D        | Reached * piety under Sif Muna
   126 | D        | Killed Sigmund
   126 | D        | Arena points: 12 (+12) [x2]
   127 | D        | Reached skill level 5 in Stealth
   127 | D        | Reached skill level 10 in Fire Magic
   127 | D        | Reached XP level 6. HP: 36/36 MP: 1/15
   164 | D        | Round 2.
   188 | D        | Reached ** piety under Sif Muna
   232 | D        | Arena points: 48 (+36) [x3]
   233 | D        | Reached skill level 5 in Dodging
   260 | D        | Bought a heavily runed ivory ring for 45 gold pieces
   260 | D        | Identified the ring of Leaves {rPois rF+ rN+} (You bought
                  | it in a shop in the Dungeon)
   260 | D        | Bought a heavily runed lead ring for 45 gold pieces
   260 | D        | Identified the ring "Baobb" {rN+ Int+3 Slay+4} (You bought
                  | it in a shop in the Dungeon)
   272 | D        | Learned a level 3 spell: Conjure Flame
   276 | D        | Learned a level 3 spell: Inner Flame
   281 | D        | Learned a level 4 spell: Sticky Flame
   287 | D        | Learned a level 5 spell: Fireball
   290 | D        | Round 3.
   296 | D        | Reached *** piety under Sif Muna
   299 | D        | Reached skill level 1 in Short Blades
   299 | D        | Reached XP level 7. HP: 41/41 MP: 10/17
   304 | D        | Reached skill level 11 in Fire Magic
   310 | D        | Reached **** piety under Sif Muna
   336 | D        | Arena points: 132 (+84) [x4]
   357 | D        | Bought 3 potions of heal wounds for 105 gold pieces
   370 | D        | Round 4.
   382 | D        | Reached ***** piety under Sif Muna
   383 | D        | Reached skill level 12 in Fire Magic
   383 | D        | Reached XP level 8. HP: 9/46 MP: 4/19
   384 | D        | Received a gift from Sif Muna
   385 | D        | Reached skill level 5 in Conjurations
   385 | D        | Got Kionwough's Disquisition on the Birds {god gift}
   391 | D        | Arena points: 292 (+160) [x5]
   397 | D        | Learned a level 3 spell: Mephitic Cloud
   424 | D        | Bought a book of Spatial Translocations for 182 gold pieces
   427 | D        | Learned a level 2 spell: Blink
   450 | D        | Round 5.
   471 | D        | Noticed an anaconda
   480 | D        | Noticed a guardian serpent
   481 | D        | Killed an anaconda
   482 | D        | Reached skill level 1 in Shields
   482 | D        | Reached skill level 1 in Poison Magic
   482 | D        | Reached skill level 1 in Evocations
   482 | D        | Reached XP level 9. HP: 52/52 MP: 0/22
   489 | D        | Killed a guardian serpent
   490 | D        | Reached skill level 1 in Hexes
   490 | D        | Reached skill level 13 in Fire Magic
   495 | D        | Noticed a black mamba
   507 | D        | Mangled by a black mamba

Illustrated notes

Levels and vault maps discovered:
D:        arena_sprint

Skill      XL: |  1  2  3  4  5  6  7  8  9 |
---------------+----------------------------+-----
Dodging        | 3 4 5 6 |  6.0
Stealth        | 4 5 6 7 8 |  8.0
Spellcasting   | 3 4 6 7 9 |  9.7
Fire Magic     | 6 8 10 12 13 | 13.0
Conjurations   | 2 3 4 6 7 |  7.0
Short Blades   | 1 2 4 |  4.8
Shields        | 1 |  1.3
Poison Magic   | 1 |  1.2
Evocations     | 1 |  1.7
Hexes          | 1 |  1.0
Invocations    | 2 |  2.3
Fighting       | |  0.4
Translocations | |  0.8

Action                   |  1- 3 |  4- 6 |  7- 9 || total
-------------------------+-------+-------+-------++-------
Melee: Short sword       |       |     6 |     9 ||    15
       Tentacles         |       |     1 |       ||     1
       Constrict         |       |       |     2 ||     2
 Cast: Foxfire           |     3 |    26 |    25 ||    54
       Sticky Flame      |       |       |     3 ||     3
       Fireball          |       |       |     2 ||     2
       Inner Flame       |       |       |     2 ||     2
       Mephitic Cloud    |       |       |     1 ||     1
       Blink             |       |       |     2 ||     2
Invok: Channel Magic     |       |       |     1 ||     1
Evoke: Wand              |       |       |     3 ||     3
  Use: Potion            |       |       |     1 ||     1
Dodge: Dodged            |       |     7 |    21 ||    28
Block: Other             |       |       |     5 ||     5
